 Dungeon Crawl Stone Soup version 0.28-a0-1117-g0bdd5ba030 (webtiles) character file.

Game seed: 6528526928219193881

6065 septik the Severer (level 10, -9/95 HPs)
             Began as a Minotaur Berserker on Dec 11, 2021.
             Was a Priest of Trog.
             Mangled by a fire elemental (11 damage)
             ... summoned by a deep elf pyromancer
             ... on level 8 of the Dungeon.
             The game lasted 00:13:05 (8552 turns).

septik the Severer (Minotaur Berserker)             Turns: 8552, Time: 00:13:05

Health: -9/95      AC: 14    Str: 27    XL:     10   Next: 57%
Magic:  9/9        EV:  8    Int:  4    God:    Trog [***...]
Gold:   273        SH:  4    Dex:  9    Spells: 9/9 levels left

rFire   . . .      SeeInvis .   a - +0 war axe
rCold   + . .      Faith    .   z - +2 buckler
rNeg    . . .      Spirit   .   x - +2 chain mail {rC+}
rPois   .          Reflect  .   (helmet restricted)
rElec   .          Harm     .   F - +2 cloak
rCorr   .          Rampage  .   (no gloves)
Will    .....                   (no boots)
Stlth   ..........              (no amulet)
HPRegen 0.25/turn               (no ring)
MPRegen 0.11/turn               (no ring)

@: on berserk cooldown, slowed, studying Long Blades, very slow
A: horns 2, retaliatory headbutt
a: Renounce Religion, Berserk, Trog's Hand


You were on level 8 of the Dungeon.
You worshipped Trog.
Trog was most pleased with you.
You visited 1 branch of the dungeon, and saw 8 of its levels.

You collected 377 gold pieces.
You spent 104 gold pieces at shops.

Inventory:

Hand Weapons
 a - a +0 war axe (weapon)
 b - a +0 hunting sling
Missiles
 c - 220 stones (quivered)
 e - 87 sling bullets
 i - 5 curare-tipped darts
 E - 16 poisoned darts
Armour
 x - a +2 chain mail of cold resistance (worn)
 z - a +2 buckler (worn)
 F - a +2 cloak (worn)
 G - a +0 plate armour
Jewellery
 k - a +6 ring of intelligence
 t - a ring of fire
 C - a ring of willpower
Wands
 B - a wand of polymorph (12)
 D - a wand of acid (11)
 H - a wand of charming (12)
Scrolls
 f - 7 scrolls of identify {unknown}
 m - a scroll of noise {unknown}
 n - 2 scrolls of fear {unknown}
 o - a scroll of enchant weapon {unknown}
 v - a scroll of amnesia {unknown}
 y - 2 scrolls of teleportation {unknown}
 A - a scroll of silence {unknown}
 J - 2 scrolls of blinking {unknown}
Potions
 d - 3 potions of lignification {unknown}
 g - a potion of haste {unknown}
 h - 3 potions of brilliance {unknown}
 j - 2 potions of ambrosia {unknown}
 l - 2 potions of degeneration {unknown}
 p - a potion of cancellation {unknown}
 q - a potion of invisibility {unknown}
 r - 2 potions of mutation {unknown}
 s - a potion of flight {unknown}
 u - 3 potions of curing
 w - 3 potions of heal wounds
 I - a potion of magic {unknown}
 K - a potion of resistance {unknown}


   Skills:
 + Level 11.0 Fighting
 - Level 16.0 Axes
 - Level 2.9 Armour
 - Level 2.6 Dodging


You had 9 spell levels left.
You didn't know any spells.
Your spell library was empty.

Dungeon Overview and Level Annotations

Branches:
Dungeon (8/15)             Temple (0/1) D:7
   Lair: D:8-11

Altars:
Cheibriados
Gozag
Makhleb
Sif Muna
Uskayaw
Vehumet

Shops:
D:4 !   D:8 =

Annotations:
D:7 exclusion: 2 downstairs
D:8 3 runed translucent doors, Armakuni's ghost, novice TrWz


Innate Abilities, Weirdness & Mutations

You have a pair of horns on your head.
You reflexively headbutt those who attack you in melee.


Message History

You are too injured to fight recklessly!
Unknown command.
You are too injured to fight recklessly!
Unknown command.
You feel a strong urge to attack something.
You closely miss the deep elf pyromancer.
You headbutt the deep elf pyromancer!
The deep elf pyromancer is moderately wounded.
You are no longer berserk.
You are exhausted.
You feel yourself slow down.
The deep elf pyromancer mumbles some strange words.
The deep elf pyromancer blinks!
You hit the deep elf pyromancer.
The deep elf pyromancer is moderately wounded.
The deep elf pyromancer gestures at you while chanting.
The sticky flame hits you but does no damage.
You are covered in liquid flames!
The deep elf pyromancer mumbles some strange words.
You hit the deep elf pyromancer but do no damage.
The deep elf pyromancer is moderately wounded.
You barely miss the fire elemental.
You are covered in liquid flames!
* * * LOW HITPOINT WARNING * * *
The fire elemental hits you. The fire elemental burns you!
* * * LOW HITPOINT WARNING * * *
The deep elf pyromancer hits you with a +0 long sword.
* * * LOW HITPOINT WARNING * * *
You slice the deep elf pyromancer!!
Your headbutt misses the deep elf pyromancer.
The deep elf pyromancer is almost dead.
You slash the fire elemental!
You are covered in liquid flames!
* * * LOW HITPOINT WARNING * * *
The fire elemental hits you. The fire elemental burns you!
* * * LOW HITPOINT WARNING * * *
The deep elf pyromancer mumbles some strange words.
The deep elf pyromancer blinks!
The fire elemental hits you. The fire elemental burns you!
You die...

......# #.###################.#
#..#### ##.#.....#[##..###...#
# #.....#
#..#..#..##.#..##..#.# ##.##.#
#.........##)##...#..#
#.##.####..#..#..#..#.##.#..##
##......##..#.....#..##.#...##
....#.#.##..###############)###
............####.E##|..##.....#
....#.#.##..#..#@e#H.# #..##.#
...[)...##..# #.##TC# #.##..#
..#)).......# #..##Cc# #..##.#
###.)[##....# ##.# #E°[##....[#
# #......##.###.###########.###
###).)#####.#..####..#..##.##
.##)..# ##.#.#..##..#..#.#.#
..<...# #..#.###.....)..##.#
.##.#.####..#. ###.#.#.###.#


You could see a centaur warrior, 2 cyclopes, a deep elf pyromancer, a troll and
2 fire elementals.

Vanquished Creatures
  A boulder beetle (D:7)
  Pikel (D:6)
  A gargoyle (D:8)
  A troll (D:8)
  A hornet (D:8)
  Sigmund (D:6)
  A wyvern (D:8)
  The ghost of Athor the Skirmisher, an amateur FoAK of Lugonu (D:3)
  A steam dragon (D:8)
  Menkaure (D:6)
  2 water moccasins
  An orc warrior (D:8)
  An ice beast (D:7)
  A hornet zombie (D:8)
  A black bear (D:6)
  3 sky beasts
  4 ogres
  A necrophage (D:6)
  4 centaurs
  2 lemures (D:6)
  2 phantoms
  2 kobold brigands
  5 bullfrogs
  Blork the orc (D:6)
  A scorpion (D:5)
  A gnoll sergeant (D:6)
  A water moccasin zombie (D:5)
  6 killer bees
  3 centaur zombies
  7 hounds
  A jelly (D:7)
  An orc priest (D:8)
  2 bullfrog skeletons
  A centaur skeleton (D:7)
  An iguana (D:6)
  Terence (D:3)
  2 orc wizards (D:8)
  A centaur simulacrum (D:3)
  A howler monkey zombie (D:6)
  11 gnolls (D:6)
  7 adders
  A shadow imp (D:5)
  3 white imps
  An ufetubus (D:6)
  An adder simulacrum (D:3)
  A dart slug (D:5)
  26 orcs
  5 bats
  6 endoplasms
  2 giant cockroaches
  5 goblins
  6 hobgoblins
  7 jackals
  12 kobolds
  2 quokkas
  11 ball pythons
  2 ball python simulacra (D:3)
  2 frilled lizards
  4 rats
185 creatures vanquished.

Vanquished Creatures (others)
  A killer bee (D:8)
1 creature vanquished.

Grand Total: 186 creatures vanquished

Notes
Turn   | Place    | Note
-------+----------+-------------------------------------------
     0 | D:1      | septik the Minotaur Berserker began the quest for the Orb.
     0 | D:1      | Reached XP level 1. HP: 19/19 MP: 0/0
   246 | D:1      | Reached XP level 2. HP: 27/27 MP: 1/1
   681 | D:1      | Reached skill level 4 in Axes
  1132 | D:1      | Reached XP level 3. HP: 33/33 MP: 2/2
  1173 | D:2      | Reached ** piety under Trog
  1569 | D:2      | Reached skill level 5 in Axes
  1639 | D:2      | You fall into a shaft and drop 1 floor!
  1692 | D:3      | Noticed Athor's ghost (amateur FoAK)
  1782 | D:3      | Noticed Terence
  1790 | D:3      | Killed Terence
  1791 | D:3      | Reached XP level 4. HP: 40/40 MP: 3/3
  1960 | D:3      | Found a radiant altar of Vehumet.
  1983 | D:3      | Found a runed translucent gate.
  1983 | D:3      | Found a runed translucent gate.
  1983 | D:3      | Found a runed translucent gate.
  2411 | D:3      | Killed Athor's ghost
  2412 | D:3      | Reached skill level 7 in Axes
  2412 | D:3      | Reached XP level 5. HP: 46/46 MP: 4/4
  2435 | D:3      | Reached XP level 6. HP: 49/52 MP: 5/5
  2559 | D:4      | Reached skill level 8 in Axes
  2817 | D:4      | Found Quvetrab's Distillery.
  2836 | D:4      | Bought a potion of curing for 39 gold pieces
  2836 | D:4      | Bought a potion of heal wounds for 65 gold pieces
  3066 | D:4      | Found an opulent altar of Gozag.
  3223 | D:4      | Reached skill level 9 in Axes
  3223 | D:4      | Reached XP level 7. HP: 52/59 MP: 6/6
  3636 | D:5      | Entered Level 5 of the Dungeon
  3702 | D:5      | Reached skill level 10 in Axes
  3877 | D:5      | Found a snail-covered altar of Cheibriados.
  3975 | D:5      | Reached skill level 11 in Axes
  4023 | D:5      | Reached *** piety under Trog
  4154 | D:5      | Found a hide-covered altar of Uskayaw.
  4175 | D:5      | Reached XP level 8. HP: 50/66 MP: 7/7
  4600 | D:6      | Noticed Sigmund
  4619 | D:6      | Killed Sigmund
  4620 | D:6      | Reached skill level 12 in Axes
  4751 | D:6      | Noticed Blork the orc
  4760 | D:6      | Killed Blork the orc
  4767 | D:6      | Noticed Pikel
  4787 | D:6      | Killed Pikel
  4788 | D:6      | Reached skill level 13 in Axes
  4990 | D:6      | Reached XP level 9. HP: 71/71 MP: 8/8
  5029 | D:6      | Reached skill level 14 in Axes
  5556 | D:6      | Noticed Menkaure
  5563 | D:6      | Killed Menkaure
  5743 | D:6      | Reached skill level 15 in Axes
  5926 | D:6      | Found a shimmering blue altar of Sif Muna.
  6483 | D:7      | Found a staircase to the Ecumenical Temple.
  6793 | D:7      | Found a burning altar of Makhleb.
  6797 | D:7      | Reached skill level 16 in Axes
  6956 | D:8      | Noticed a boulder beetle
  6956 | D:8      | Noticed a troll
  6963 | D:8      | Killed a troll
  6964 | D:8      | Reached skill level 5 in Fighting
  7542 | D:7      | Reached XP level 10. HP: 49/84 MP: 9/9
  7719 | D:7      | Killed a boulder beetle
  7910 | D:8      | Noticed a two-headed ogre
  7910 | D:8      | Noticed a two-headed ogre
  7912 | D:8      | Found a runed translucent gate.
  7912 | D:8      | Noticed Armakuni's ghost (novice TrWz)
  7913 | D:8      | Found a runed translucent gate.
  7914 | D:8      | Found a runed translucent gate.
  8306 | D:8      | Found Zusagaod's Jewellery Boutique.
  8412 | D:8      | Reached skill level 10 in Fighting
  8529 | D:8      | Noticed a gargoyle
  8529 | D:8      | Noticed a cyclops
  8529 | D:8      | Noticed a cyclops
  8529 | D:8      | Noticed a manticore
  8531 | D:8      | Noticed a deep elf pyromancer
  8536 | D:8      | Noticed a centaur warrior
  8545 | D:8      | Killed a gargoyle
  8552 | D:8      | HP: 2/95 [fire elemental[a deep elf pyromancer] (12)]
  8552 | D:8      | Mangled by a fire elemental

Illustrated notes

Levels and vault maps discovered:
D:1:      dpeg_arrival_long_road, layout_basic, minmay_misc_feat_diagonals
D:2:      layout_basic
D:3:      layout_loops_ring, lemuel_tele_altar, gammafunk_ghost_icy,
          uniq_terence
D:4:      layout_basic, grunt_gozag_statues, serial_shops,
          nicolae_shop_window_shopping
D:5:      layout_basic, kennysheep_slug_shrine, general_overflow_altar,
          minmay_holes
D:6:      layout_loops_ring, lemuel_coloured_pillars_altar, uniq_pikel,
          uniq_sigmund, uniq_menkaure, uniq_blork_the_orc
D:7:      layout_basic, bloody_makhleb, minmay_temple_entry_mini_moons,
          kennysheep_small_spiral
D:8:      minmay_the_grid_square_5x5_3x3
          [minmay_the_grid_square_5x5_two_walls_b,
          minmay_the_grid_square_5x5_percent,
          minmay_the_grid_square_5x5_hollow_slash,
          minmay_the_grid_square_5x5_tetrominoes,
          minmay_the_grid_square_5x5_megaprize_diamond,
          minmay_the_grid_square_5x5_inner_v, minmay_the_grid_square_5x5_seven,
          minmay_the_grid_square_5x5_tri_point,
          minmay_the_grid_square_5x5_almost_minimal], layout_loops_ring,
          gammafunk_ghost_split, serial_shops, shop, shop,
          minmay_manual_monstrance

Skill      XL: |  1  2  3  4  5  6  7  8  9 10 |
---------------+-------------------------------+-----
Fighting       | 4 6 11 | 11.0
Axes           | 4 5 7 9 11 13 16 | 16.0
Armour         | |  2.9
Dodging        | |  2.6

Action                   |  1- 3 |  4- 6 |  7- 9 | 10-12 || total
-------------------------+-------+-------+-------+-------++-------
Melee: Hand axe          |    78 |    69 |    55 |       ||   202
       Headbutt          |     6 |    12 |    48 |    19 ||    85
       War axe           |       |       |   237 |    75 ||   312
Throw: Stone             |     4 |       |       |       ||     4
Invok: Berserk           |     1 |     3 |     9 |     2 ||    15
       Trog's Hand       |       |       |     2 |       ||     2
Armor: Animal skin       |    17 |       |       |       ||    17
       Chain mail        |       |    32 |   146 |    42 ||   220
Dodge: Dodged            |    52 |    27 |    80 |    27 ||   186
Block: Buckler           |       |       |    58 |     8 ||    66

Table legend: (Time is in decaauts)
 A = Elapsed time spent in this place.
 B = Non-inter-level travel time spent in this place.
 C = Inter-level travel time spent in this place.
 D = Time resting spent in this place.
 E = Time spent auto-exploring this place.
 F = Levels seen in this place.
 G = Mean time per level.
                   A        B        C        D        E       F      G
               +--------+--------+--------+--------+--------+-----+--------+
         Total |   8651 |   8398 |    253 |   2018 |   5172 |   8 | 1081.4 |
       Dungeon |   8651 |   8398 |    253 |   2018 |   5172 |   8 | 1081.4 |
               +--------+--------+--------+--------+--------+-----+--------+

Top non-repeatable levels by time:
     D:7: 1806 daAuts
     D:5: 1534 daAuts
     D:1: 1369 daAuts
     D:4: 1150 daAuts
     D:6: 906 daAuts
     D:3: 880 daAuts
     D:8: 725 daAuts
     D:2: 277 daAuts
